 Dungeon Crawl Stone Soup version 0.22-a0-601-gb0ed703ee0 (webtiles) character file.

130 LordofOblivion the Chopper (level 4, -3/34 HPs)
             Began as a Demonspawn Gladiator on July 7, 2018.
             Slain by a bullfrog skeleton (6 damage)
             ... on level 3 of the Dungeon on July 8, 2018.
             The game lasted 00:11:37 (1894 turns).

LordofOblivion the Chopper (Demonspawn Gladiator)   Turns: 1894, Time: 00:11:38

Health: -3/34      AC:  7    Str: 16    XL:     4   Next: 89%
Magic:  4/4        EV: 13    Int:  9    God:
Gold:   102        SH:  0    Dex: 14    Spells: 3/3 levels left

rFire    x . .     SeeInvis .   a - +0 war axe
rCold    + . .     Gourm    .   (no shield)
rNeg     . . .     Faith    .   g - +0 ring mail
rPois    .         Spirit   .   c - +0 helmet
rElec    .         Reflect  .   n - +0 cloak (curse)
rCorr    .         Harm     .   (no gloves)
MR       .....                  (no boots)
Stlth    +.........             (no amulet)
HPRegen  0.11/turn              h - ring of ice
MPRegen  0.09/turn              k - +1 ring of evasion

@: no status effects
A: hooves 1, rot immunity
a: no special abilities


You were on level 3 of the Dungeon.
You were hungry.

You visited 1 branch of the dungeon, and saw 3 of its levels.

You collected 102 gold pieces.

Inventory:

Hand Weapons
 a - a +0 war axe (weapon)
Missiles
 d - 3 throwing nets (quivered)
Armour
 b - a +0 leather armour
 c - a +0 helmet (worn)
 g - a +0 ring mail (worn)
 n - a cursed +0 cloak (worn)
 p - a +0 robe
Jewellery
 h - a ring of ice (left hand)
 k - a +1 ring of evasion (right hand)
Scrolls
 j - a scroll of immolation {unknown}
 l - a scroll of teleportation
 m - 2 scrolls of remove curse {unknown}
 o - a scroll of random uselessness {unknown}
 s - 3 scrolls of identify
 t - 3 scrolls of enchant armour {unknown}
Potions
 e - a potion of curing
 i - a potion of might {unknown}
 q - a potion of cancellation {unknown}
 r - 2 potions of flight {unknown}
 u - a potion of haste {unknown}
Comestibles
 f - 2 rations


   Skills:
 * Level 2.9 Fighting
 * Level 4.0 Axes
 - Level 1.7 Throwing
 * Level 1.5 Armour
 + Level 3.0 Dodging
 + Level 0.3 Stealth


You had 3 spell levels left.
You didn't know any spells.
Your spell library contained the following spells:

 Spells                   Type           Power        Failure   Level  Hunger
 Magic Dart               Conj           #...         58%         1    ##.....
 Iskenderun's Mystic Bla  Conj           #.......     100%        4    #####..
 Fulminant Prism          Conj/Hex       #.........   100%        4    #####..
 Dazzling Spray           Conj/Hex       #.....       92%         3    ####...
 Force Lance              Conj/Tloc      #.......     100%        4    #####..
 Searing Ray              Conj           #.....       75%         2    ###....


Dungeon Overview and Level Annotations

Branches:
Dungeon (3/15)

Altars:
Hepliaklqana
Kikubaaqudgha
Trog
Wu Jian

Annotations:
D:3 Yosebu's ghost, amateur FoHu


Innate Abilities, Weirdness & Mutations

You have large cloven feet.
You are immune to rotting.


Message History

You hit Yosebu's ghost.
The bullfrog skeleton barely misses you.
Yosebu's ghost hits you.
The bullfrog skeleton barely misses you.
You are feeling hungry.
You hit the bullfrog skeleton.
The bullfrog skeleton is heavily damaged.
You hit Yosebu's ghost but do no damage.
The bullfrog skeleton hits you.
* * * LOW HITPOINT WARNING * * *
Yosebu's ghost hits you but does no damage.
The bullfrog skeleton hits you.
* * * LOW HITPOINT WARNING * * *
You hit the bullfrog skeleton.
The bullfrog skeleton is severely damaged.
You hit Yosebu's ghost but do no damage.
Yosebu's ghost hits you.
* * * LOW HITPOINT WARNING * * *
The bullfrog skeleton hits you.
You die...

#.#.. #.#.. #.#.#
#.#.# ########.#.#
#........#.#
#########........#
#.#.#.#.#.########
#@#.....#...##.# #
##ZWZ...####.##.# #
#.Z'=..%.# #.#..# #
#..'...$## #.#..# #
#..#.....# #.#..# #
#..#.#.#.# #.#..# #
#.######## #.#..###
#.##########.#.....
#..........>.##.###


You could see Yosebu's ghost, a leopard gecko zombie, a hound skeleton and a
bullfrog skeleton.

Vanquished Creatures
  Jessica (D:2)
  2 adders
  An ooze (D:1)
  A worm (D:2)
  A dart slug (D:2)
  2 leopard geckos (D:2)
  11 bats
  4 giant cockroaches
  10 hobgoblins
  10 jackals
  9 kobolds
  2 quokkas
  2 frilled lizards
  5 goblins
  7 rats
68 creatures vanquished.

Notes
Turn   | Place    | Note
-------+----------+-------------------------------------------
     0 | D:1      | LordofOblivion the Demonspawn Gladiator began the quest for the Orb.
     0 | D:1      | Reached XP level 1. HP: 16/16 MP: 1/1
   193 | D:1      | Reached skill level 3 in Axes
   218 | D:1      | Gained mutation: You are immune to rotting. [demonic ancestry]
   218 | D:1      | Reached XP level 2. HP: 22/22 MP: 2/2
   731 | D:1      | Found a hazy altar of Hepliaklqana.
   805 | D:2      | Reached XP level 3. HP: 26/27 MP: 3/3
   866 | D:2      | Reached skill level 1 in Armour
  1208 | D:2      | Noticed Jessica
  1213 | D:2      | Gained mutation: You have large cloven feet. [demonic ancestry]
  1213 | D:2      | Reached XP level 4. HP: 34/34 MP: 4/4
  1217 | D:2      | Killed Jessica
  1366 | D:3      | Found an ornate altar of the Wu Jian Council.
  1448 | D:3      | Found a bloodstained altar of Trog.
  1448 | D:3      | Found an ancient bone altar of Kikubaaqudgha.
  1461 | D:3      | Reached skill level 4 in Axes
  1661 | D:3      | Found a runed gate.
  1661 | D:3      | Found a runed gate.
  1661 | D:3      | Found a runed gate.
  1662 | D:3      | Noticed Yosebu's ghost (amateur FoHu)
  1894 | D:3      | Slain by a bullfrog skeleton

Vault maps used:
D:1:      dpeg_arrival_water_altar
D:2:      lemuel_doored_altar, nicolae_dithmenos_shadow_blocks, first_ration,
          uniq_jessica
D:3:      old_standard_altar, grunt_temple_overflow_open,
          gammafunk_ghost_necromancy, portal_sewer_entry_e, minmay_surrounded

Skill      XL: |  1  2  3  4 |
---------------+-------------+-----
Axes           | 3 4 |  4.0
Dodging        | 3 |  3.0
Armour         | 1 |  1.5
Fighting       | |  2.9
Throwing       | |  1.7
Stealth        | |  0.3

Action                   |  1- 3 |  4- 6 || total
-------------------------+-------+-------++-------
Melee: War axe           |   126 |    56 ||   182
       Kick              |       |     8 ||     8
  Use: Scroll            |     1 |       ||     1
 Stab: Sleeping          |     1 |       ||     1
  Eat: Chunk             |     1 |     2 ||     3
Armor: Leather armour    |    42 |    27 ||    69
       Ring mail         |       |     5 ||     5
Dodge: Dodged            |   118 |    67 ||   185

Table legend:
 A = Spawn XP
 B = Non-spawn XP
 C = Spawn XP percentage of total XP
 D = Spawn monster count
 E = Non-spawn monster count
 F = Spawn count percentage of total count
 G = Total turns spent on level
                    A         B        C        D         E        F      G
               +---------+---------+-------+---------+---------+-------+---------
         Total |       0 |     186 |   0.0 |       0 |      68 |   0.0 |  1894
               +---------+---------+-------+---------+---------+-------+---------
           D:1 |       0 |      36 |   0.0 |       0 |      21 |   0.0 |   794
           D:2 |       0 |     105 |   0.0 |       0 |      29 |   0.0 |   444
           D:3 |       0 |      45 |   0.0 |       0 |      18 |   0.0 |   656
               +---------+---------+-------+---------+---------+-------+---------
